[Event "Early-Titled-Tuesday-Blitz-August-29-2023"]
[Site "Chess.com"]
[Date "2023.08.29"]
[Round "7"]
[White "salzikis"]
[Black "vladgoncharov"]
[Result "0-1"]
[WhiteElo "2411"]
[BlackElo "2560"]
[TimeControl "180+1"]
[EndTime "9:13:46 PDT"]
[Termination "vladgoncharov won by resignation"]

1. e4 e6 2. d4 d5 3. Nd2 Be7 4. Ngf3 Nf6 5. Bd3 c5 6. exd5 exd5 7. dxc5 O-O 8. O-O Bxc5 9. h3 h6 10. Nb3 Bd6 11. c3 Nc6 12. Nbd4 a6 13. Re1 Bc7 14. Be3 Qd6 15. Nf5 Bxf5 16. Bxf5 Ne5 17. g3 Nc4 18. Bf4 Qb6 19. Bxc7 Qxc7 20. Rb1 Rfe8 21.
Rxe8+ Rxe8 22. Bc2 Ne3 23. Qd3 Nxc2 24. Qxc2 Qc4 25.
Qb3 Qd3 26. Rd1 Qxf3 0-1

[Event "Early-Titled-Tuesday-Blitz-August-29-2023"]
[Site "Chess.com"]
[Date "2023.08.29"]
[Round "7"]
[White "MaevskiyNikolay"]
[Black "borocotoajua"]
[Result "0-1"]
[WhiteElo "2650"]
[BlackElo "2539"]
[TimeControl "180+1"]
[EndTime "9:13:49 PDT"]
[Termination "borocotoajua won by resignation"]

1. d4 Nf6 2. c4 g6 3. Nc3 d5 4. cxd5 Nxd5 5. e4 Nxc3 6. bxc3 Bg7 7. Nf3 c5 8. Be2 Nc6 9. d5 Na5 10. Bd2 O-O 11. c4 e6 12. Rc1 exd5 13. cxd5 Re8 14. Rxc5 b6 15. Bxa5 bxa5 16. Rc4 Ba6 17. Ra4 Bxe2 18.
Qxe2 Bc3+ 19. Kf1 Rb8 20. g3 Qd7 21. Qc2 Qh3+ 22. Ke2 Rb2 23. Qxb2 Bxb2 24. Rb1 Bc3 25.
Kd3 Bb4 26. Nd4 Qg2 27. a3 Qxe4+ 0-1

[Event "Early-Titled-Tuesday-Blitz-August-29-2023"]
[Site "Chess.com"]
[Date "2023.08.29"]
[Round "7"]
[White "Bauman_Guy"]
[Black "ahkashefi2800"]
[Result "1-0"]
[WhiteElo "2805"]
[BlackElo "2586"]
[TimeControl "180+1"]
[EndTime "9:13:53 PDT"]
[Termination "Bauman_Guy won by checkmate"]

1. e4 c6 2. d4 d5 3. e5 Bf5 4. h4 h5 5. Bd3 Bxd3 6. Qxd3 e6 7.
Nf3 Qb6 8. O-O Ne7 9. Bg5 Nf5 10.
Nbd2 c5 11. c4 Qa6 12. Qb3 Nc6 13. dxc5 d4 14. Ne4 Be7 15. Bxe7 Kxe7 16. Nd6 Rab8 17. Qd3 Rbd8 18. a3 b6 19. b4 bxc5 20. b5 Nxe5 21.
Nxf5+ exf5 22. Nxe5 Qf6 23. Nc6+ Kd6 24. Nxd8 Rxd8 25.
Rfe1 g6 26. Qg3+ f4 27. Qf3 Kc7 28. a4 Rd6 29. a5 d3 30. b6+ axb6 31. a6 d2 32.
Qb7+ Kd8 33. Qb8+ Kd7 34. Qe8+ Kc7 35. Re7+ Qxe7 36. Qxe7+ Rd7 37. Qxd7+ Kxd7 38. a7 Ke6 39. a8=Q Kf5 40. Rd1 Kg4 41. Qf3+ Kxh4 42. Qxf4# 1-0

[Event "Early-Titled-Tuesday-Blitz-August-29-2023"]
[Site "Chess.com"]
[Date "2023.08.29"]
[Round "7"]
[White "dosto07"]
[Black "amanjazu"]
[Result "1-0"]
[WhiteElo "2470"]
[BlackElo "2324"]
[TimeControl "180+1"]
[EndTime "9:13:57 PDT"]
[Termination "dosto07 won by resignation"]

1. e4 d5 2. exd5 Nf6 3. d4 Bg4 4. Be2 Bxe2 5. Qxe2 Qxd5 6. Nf3 c6 7. O-O e6 8. c4 Qd8 9. Nc3 Bd6 10. Bg5 Nbd7 11.
d5 cxd5 12. cxd5 e5 13. Ne4 Qb8 14. Bxf6 Nxf6 15. Nxf6+ gxf6 16. Nh4 O-O 17. Nf5 Kh8 18. Qh5 Rg8 19. Qxf7 Qf8 20. Qe6 Rd8 21. Rac1 Rg5 22.
Rc3 Qg8 23. Qxf6+ 1-0

[Event "Early-Titled-Tuesday-Blitz-August-29-2023"]
[Site "Chess.com"]
[Date "2023.08.29"]
[Round "7"]
[White "queen_iryna"]
[Black "ErikRonka"]
[Result "0-1"]
[WhiteElo "2340"]
[BlackElo "2494"]
[TimeControl "180+1"]
[EndTime "9:13:57 PDT"]
[Termination "ErikRonka won by resignation"]

1. e4 c5 2. Nf3 e6 3. c4 Nc6 4. Nc3 Nge7 5. d4 cxd4 6. Nxd4 Nxd4 7. Qxd4 Nc6 8. Qd1 Bc5 9. Be2 O-O 10. O-O d6 11. a3 e5 12. b4 Bd4 13. Bb2 Be6 14.
Rc1 g6 15. Qd2 Rc8 16. Rfd1 Qe7 17. b5 Na5 18. Nd5 Bxd5 19. Bxd4 Nb3 20. Qb2 Nxc1 21. Rxc1 Bxc4 22. Bxc4 exd4 23. Qxd4 Qe5 24. Qxa7 Rxc4 0-1

[Event "Early-Titled-Tuesday-Blitz-August-29-2023"]
[Site "Chess.com"]
[Date "2023.08.29"]
[Round "7"]
[White "GroovyKettle"]
[Black "Kildepiotr"]
[Result "1-0"]
[WhiteElo "2909"]
[BlackElo "2669"]
[TimeControl "180+1"]
[EndTime "9:13:58 PDT"]
[Termination "GroovyKettle won by resignation"]

1. e4 g6 2. d4 Bg7 3. Nf3 c6 4. Nc3 d6 5. h3 Nf6 6. Bc4 b5 7.
Bd3 O-O 8. O-O Nbd7 9. a4 b4 10. Ne2 e5 11. dxe5 Nxe5 12. Nxe5 dxe5 13. Be3 Qe7 14.
Nc1 Be6 15. Nb3 Nd7 16. Na5 Rfc8 17. Ba6 Rc7 18. Bb7 Re8 19. Bxc6 Rd8 20. Qe2 Nc5 21.
Bxc5 Qxc5 22. Nb7 Qxc6 23. Nxd8 Qc4 24. Qxc4 Bxc4 25. Rfd1 f6 26. Rd6 Bf8 27. Rc6 1-0

[Event "Early-Titled-Tuesday-Blitz-August-29-2023"]
[Site "Chess.com"]
[Date "2023.08.29"]
[Round "7"]
[White "LiamPutnam2008"]
[Black "Agibileg"]
[Result "1-0"]
[WhiteElo "2808"]
[BlackElo "2617"]
[TimeControl "180+1"]
[EndTime "9:14:03 PDT"]
[Termination "LiamPutnam2008 won by resignation"]

1. Nf3 Nf6 2. c4 g6 3. Nc3 Bg7 4. e4 d6 5. d4 O-O 6. Be2 e5 7. O-O Nc6 8. d5 Ne7 9. b4 Nh5 10. g3 f5 11. exf5 gxf5 12. Qc2 Nf6 13. Ng5 Ng6 14. Ne6 Bxe6 15. dxe6 c6 16. Qxf5 Qe7 17. Bg5 Rae8 18. Ne4 Qxe6 19. Qxe6+ Rxe6 20. Bxf6 Bxf6 21. Bg4 Re7 22. Nxd6 e4 23. Rae1 Bc3 24. Rxe4 Rxe4 25. Nxe4 Bxb4 26. Rb1 a5 27. a3 Bxa3 28. Rxb7 Ne5 29.
Be6+ Kh8 30. f4 Nf3+ 31. Kg2 Nd4 32. Ng5 Nxe6 33. Nxe6 Ra8 34. f5 Bb2 35. Rxb2 a4 36. f6 a3 37. Ra2 1-0

[Event "Early-Titled-Tuesday-Blitz-August-29-2023"]
[Site "Chess.com"]
[Date "2023.08.29"]
[Round "7"]
[White "Fraler15"]
[Black "DanielTitichoca"]
[Result "0-1"]
[WhiteElo "2246"]
[BlackElo "2424"]
[TimeControl "180+1"]
[EndTime "9:14:07 PDT"]
[Termination "DanielTitichoca won by resignation"]

1. d4 Nf6 2. Nf3 b6 3. g3 Bb7 4. Bg2 g6 5. c4 Bg7 6. d5 O-O 7. Nc3 e6 8. O-O Re8 9. e4 a5 10. h3 exd5 11. exd5 d6 12. Nd4 Nbd7 13. b3 Nc5 14.
Rb1 Nfe4 15. Nxe4 Nxe4 16. Bb2 Qd7 17. Qd3 Nc5 18. Qc2 Re7 19. Rbe1 Rae8 20. Rxe7 Qxe7 21.
a3 Na6 22. Bc3 h5 23. Qd2 Nc5 24. b4 axb4 25. axb4 Ne4 26. Bxe4 Qxe4 27. Re1 Qxe1+ 28. Qxe1 Rxe1+ 29. Bxe1 Bxd4 0-1

[Event "Early-Titled-Tuesday-Blitz-August-29-2023"]
[Site "Chess.com"]
[Date "2023.08.29"]
[Round "7"]
[White "temiksmozg"]
[Black "cool64chess"]
[Result "1-0"]
[WhiteElo "2654"]
[BlackElo "2519"]
[TimeControl "180+1"]
[EndTime "9:14:10 PDT"]
[Termination "temiksmozg won by resignation"]

1. e4 e6 2. d4 d5 3. Nc3 Bb4 4. e5 c5 5. a3 Bxc3+ 6. bxc3 Qc7 7. Nf3 Ne7 8. Bd3 b6 9. O-O Ba6 10. Bxa6 Nxa6 11. Qd3 Nb8 12. Bg5 h6 13. Bxe7 Qxe7 14. c4 dxc4 15. Qe4 O-O 16. Qxa8 cxd4 17. Qe4 Rd8 18.
Nxd4 Qc5 19. Rfd1 Rd5 20. Nf3 Nc6 21. Rxd5 exd5 22. Qe3 d4 23. Qe4 b5 24. e6 fxe6 25.
Qxe6+ Kh7 26. Re1 a5 27. Ne5 Nxe5 28. Qxe5 1-0

[Event "Early-Titled-Tuesday-Blitz-August-29-2023"]
[Site "Chess.com"]
[Date "2023.08.29"]
[Round "7"]
[White "Dewarfd"]
[Black "pankajfm"]
[Result "1-0"]
[WhiteElo "2197"]
[BlackElo "2089"]
[TimeControl "180+1"]
[EndTime "9:14:10 PDT"]
[Termination "Dewarfd won by resignation"]

1. d4 g6 2. e3 Bg7 3. Nf3 e6 4.
Be2 Ne7 5. O-O O-O 6. c4 d5 7.
Nbd2 c5 8. dxc5 Qc7 9. a3 Qxc5 10.
b4 Qc7 11. Rb1 dxc4 12. Nxc4 Nbc6 13. Bb2 Rd8 14. Qb3 a5 15. Bxg7 Kxg7 16. b5 Nb8 17.
Rbc1 Nd5 18. Qb2+ Kg8 19. Rfd1 Qe7 20. e4 Nf4 21. Nb6 Nxe2+ 22. Qxe2 Rxd1+ 23. Qxd1 1-0

[Event "Early-Titled-Tuesday-Blitz-August-29-2023"]
[Site "Chess.com"]
[Date "2023.08.29"]
[Round "7"]
[White "Biregina"]
[Black "aranibos"]
[Result "0-1"]
[WhiteElo "2420"]
[BlackElo "2288"]
[TimeControl "180+1"]
[EndTime "9:14:17 PDT"]
[Termination "aranibos won by resignation"]

1. d4 d5 2. Bf4 Nf6 3. e3 a6 4. Nf3 c5 5. dxc5 Qa5+ 6. Nc3 Qxc5 7. Na4 Qa5+ 8. c3 Nc6 9. Ne5 e6 10. Nxc6 bxc6 11. b4 Bxb4 12. cxb4 Qxb4+ 13. Ke2 Qc4+ 14. Kf3 Qe4+ 15. Ke2 Qc4+ 16. Qd3 Qxa4 17. Be5 a5 18. Bxf6 Ba6 19. Bxg7 Bxd3+ 20. Kxd3 Rg8 21. Bc3 Qe4+ 22. Kd2 Rb8 23. f3 Qa4 24. Bd3 Rxg2+ 25. Ke1 Qh4+ 26. Kd1 Qf2 27. Rf1 Qxe3 0-1

[Event "Early-Titled-Tuesday-Blitz-August-29-2023"]
[Site "Chess.com"]
[Date "2023.08.29"]
[Round "7"]
[White "ChessArchitect64"]
[Black "Jojo_898"]
[Result "1-0"]
[WhiteElo "2260"]
[BlackElo "2408"]
[TimeControl "180+1"]
[EndTime "9:14:21 PDT"]
[Termination "ChessArchitect64 won by resignation"]

1. c4 d6 2. e3 Nf6 3. Nc3 g6 4.
d3 Bg7 5. Nf3 O-O 6. Be2 e5 7.
O-O Nc6 8. a3 a5 9. Qc2 Be6 10.
Bd2 Ne8 11. Rfc1 f5 12. Rab1 f4 13. Nd5 fxe3 14. fxe3 Ne7 15. e4 c6 16. Nxe7+ Qxe7 17. Be3 Nf6 18. Kh1 Nh5 19. b4 axb4 20. axb4 Nf4 21.
Bf1 Bg4 22. Ng1 Ne6 23. h3 Bh5 24. g4 Bxg4 25. hxg4 Qh4+ 26. Qh2 Qxg4 27. Bh3 1-0

[Event "Early-Titled-Tuesday-Blitz-August-29-2023"]
[Site "Chess.com"]
[Date "2023.08.29"]
[Round "7"]
[White "Beltraxtor"]
[Black "abhidabhi"]
[Result "0-1"]
[WhiteElo "2647"]
[BlackElo "2901"]
[TimeControl "180+1"]
[EndTime "9:14:27 PDT"]
[Termination "abhidabhi won by resignation"]

1. e4 c5 2. Nf3 Nc6 3. Bb5 e6 4. O-O Nge7 5. c3 a6 6. Ba4 b5 7. Bc2 d5 8. exd5 Nxd5 9. d4 cxd4 10. Nxd4 Bb7 11. Re1 Be7 12. Nxc6 Bxc6 13. Nd2 O-O 14. Nf3 Qc7 15. Ne5 Bb7 16. Qh5 f5 17.
Qe2 Bd6 18. a4 b4 19. c4 Nf6 20. f3 Ne4 21. fxe4 Bxe5 22. exf5 Bxh2+ 23. Kh1 exf5 24. Qe6+ Kh8 25. Bg5 Qg3 0-1

[Event "Early-Titled-Tuesday-Blitz-August-29-2023"]
[Site "Chess.com"]
[Date "2023.08.29"]
[Round "7"]
[White "Good_Knight_Kiss"]
[Black "angryspacevoid"]
[Result "0-1"]
[WhiteElo "2372"]
[BlackElo "2531"]
[TimeControl "180+1"]
[EndTime "9:14:31 PDT"]
[Termination "angryspacevoid won by resignation"]

1. e4 g6 2. d4 Bg7 3. Nc3 e6 4.
Nf3 Ne7 5. Bg5 h6 6. Be3 f5 7. Qd2 g5 8. exf5 exf5 9. Qd3 O-O 10. h4 g4 11. Ne5 Nbc6 12. f4 gxf3 13. gxf3 f4 14. Bf2 d6 15. Nxc6 bxc6 16. O-O-O a5 17.
Bh3 Bf5 18. Bxf5 Rxf5 19. Rde1 Rf6 20. Ne4 Rf7 21. Rhg1 a4 22. a3 Rb8 23. Rg6 Nxg6 0-1

[Event "Early-Titled-Tuesday-Blitz-August-29-2023"]
[Site "Chess.com"]
[Date "2023.08.29"]
[Round "7"]
[White "CFalcons8"]
[Black "Barbus89"]
[Result "0-1"]
[WhiteElo "2240"]
[BlackElo "2513"]
[TimeControl "180+1"]
[EndTime "9:14:36 PDT"]
[Termination "Barbus89 won by resignation"]

1. e4 c6 2. d4 d5 3. exd5 cxd5 4. Bd3 Nc6 5. Ne2 Nf6 6. c3 Bg4 7. f3 Bh5 8. Nf4 Bg6 9. Nxg6 hxg6 10. Qe2 e6 11. Bf4 Bd6 12. Bxd6 Qxd6 13. g3 O-O-O 14. Na3 Kb8 15. f4 Rc8 16. Nb5 Qd7 17. b4 a6 18. Na3 Ne7 19. Qb2 Nf5 20. Kf2 Ng4+ 21. Kf3 Nxh2+ 22. Rxh2 Rxh2 23. Qxh2 Rxc3 24. Rd1 Rxa3 25.
Qb2 Qa4 26. Rd2 Nd6 27. Kg2 Nc4 28. Bxc4 dxc4 29. Rc2 c3 30. Rxc3 Rxa2 0-1

[Event "Early-Titled-Tuesday-Blitz-August-29-2023"]
[Site "Chess.com"]
[Date "2023.08.29"]
[Round "7"]
[White "zabivol_mc"]
[Black "MrAnnihilation"]
[Result "1-0"]
[WhiteElo "2584"]
[BlackElo "2432"]
[TimeControl "180+1"]
[EndTime "9:14:40 PDT"]
[Termination "zabivol_mc won by resignation"]

1. e4 d6 2. d4 Nf6 3. Nc3 e5 4.
dxe5 dxe5 5. Qxd8+ Kxd8 6. Bg5 Be6 7. O-O-O+ Nd7 8. f4 exf4 9. Nf3 h6 10. Bxf4 Ng4 11. Rd2 Bc5 12. h3 Be3 13. Bxe3 Nxe3 14. Bd3 c5 15. Re1 c4 16. Rxe3 cxd3 17. Rexd3 Ke7 18.
Nd5+ Bxd5 19. Rxd5 Nb6 20. Re5+ Kf8 21. Rc5 Rb8 22.
Rc7 g6 23. Ne5 Rh7 24. Nxg6+ 1-0

[Event "Early-Titled-Tuesday-Blitz-August-29-2023"]
[Site "Chess.com"]
[Date "2023.08.29"]
[Round "7"]
[White "VSanduleac"]
[Black "jerry_77"]
[Result "0-1"]
[WhiteElo "2434"]
[BlackElo "2634"]
[TimeControl "180+1"]
[EndTime "9:14:41 PDT"]
[Termination "jerry_77 won by checkmate"]

1. e4 c6 2. d4 d5 3. Nd2 dxe4 4. Nxe4 Nf6 5. Nxf6+ exf6 6. c3 Bd6 7. Bd3 O-O 8.
Qc2 Re8+ 9. Ne2 h5 10. h3 Nd7 11. g4 h4 12. Rg1 Nf8 13. Be3 Ne6 14. O-O-O Ng5 15. Bxg5 fxg5 16. Kb1 Qc7 17. Nc1 Bf4 18. Rge1 Be6 19. Nb3 Re7 20. Nc5 Bd5 21. Be4 Rae8 22.
f3 b6 23. Nb3 g6 24. c4 Bxe4 25. fxe4 Bg3 26. Re2 Qf4 27. e5 c5 28. dxc5 bxc5 29.
Nxc5 Rxe5 30. Rxe5 Qxe5 31. Nd3 Qe4 32. b3 Rd8 33.
Nb2 Rxd1+ 34. Nxd1 Qd4 35. c5 Be5 36. Kc1 Qa1+ 37.
Kd2 Qd4+ 38. Kc1 Kg7 39. c6 f5 40. gxf5 gxf5 41. Qxf5 Bf4+ 42. Kc2 Qd2+ 43. Kb1 Qc1# 0-1

[Event "Early-Titled-Tuesday-Blitz-August-29-2023"]
[Site "Chess.com"]
[Date "2023.08.29"]
[Round "7"]
[White "Veleamater"]
[Black "JiiHart"]
[Result "1-0"]
[WhiteElo "2324"]
[BlackElo "2102"]
[TimeControl "180+1"]
[EndTime "9:14:42 PDT"]
[Termination "Veleamater won on time"]

1. g3 g6 2. Bg2 Bg7 3. d3 Nf6 4. Nf3 d5 5. O-O c5 6. h3 Nc6 7.
Nc3 h6 8. e4 dxe4 9. dxe4 Qxd1 10. Rxd1 Be6 11. Be3 Nd7 12. Ne1 Bxc3 13. bxc3 g5 14. Bf1 a6 15. a4 O-O 16. f4 f6 17. Kf2 Rfd8 18. a5 Rac8 19. Nf3 Kg7 20. Bg2 Bf7 21. Nd2 e5 22. f5 Ne7 23. Bf1 Rc7 24.
Bc4 Rdc8 25. Bxf7 Kxf7 26. Nc4 Rd8 27. Rd6 Nc8 28. Rd5 Ke7 29. Rad1 b5 30. axb6 Ncxb6 31. Nxb6 1-0

[Event "Early-Titled-Tuesday-Blitz-August-29-2023"]
[Site "Chess.com"]
[Date "2023.08.29"]
[Round "7"]
[White "Herman-NY"]
[Black "Xavier_mompel"]
[Result "1-0"]
[WhiteElo "2462"]
[BlackElo "2313"]
[TimeControl "180+1"]
[EndTime "9:14:43 PDT"]
[Termination "Herman-NY won by resignation"]

1. e4 c5 2. Nf3 e6 3. d4 cxd4 4. Nxd4 Nc6 5. Nc3 Qc7 6. Be3 a6 7. Qd2 Nf6 8. f3 b5 9. O-O-O Be7 10. Kb1 Nxd4 11. Bxd4 Bb7 12. g4 d5 13. g5 Nh5 14.
e5 Rc8 15. Bd3 Bc5 16. Ne2 Bxd4 17. Nxd4 Qxe5 18. Rhe1 Qf4 19. Qb4 Qc7 20. Nxe6 fxe6 21. Rxe6+ Kf7 22. Rde1 Qc5 23. g6+ 1-0

[Event "Early-Titled-Tuesday-Blitz-August-29-2023"]
[Site "Chess.com"]
[Date "2023.08.29"]
[Round "7"]
[White "Alphafischer2019"]
[Black "Goryachkina"]
[Result "1/2-1/2"]
[WhiteElo "2531"]
[BlackElo "2647"]
[TimeControl "180+1"]
[EndTime "9:14:44 PDT"]
[Termination "Game drawn by repetition"]

1. d4 Nf6 2. Bf4 d5 3. e3 e6 4. Nf3 c5 5. c3 Bd6 6. Bg3 O-O 7.
Nbd2 Qc7 8. dxc5 Qxc5 9. b4 Qc7 10. c4 dxc4 11. Bxc4 Nc6 12. a3 Rd8 13. Qb3 Ne5 14.
Be2 Nxf3+ 15. Nxf3 Bd7 16. O-O Bxg3 17. hxg3 Rac8 18. Qb2 Qc2 19. Qxc2 Rxc2 20. Nd4 Rc3 21. Rfd1 Ba4 22. Rdc1 Rdc8 23. Rxc3 Rxc3 24. Bf3 b6 25. Ne2 Rc2 26. Nd4 Rc3 27. Ne2 Rc2 28. Nd4 Rc3 1/2-1/2

[Event "Early-Titled-Tuesday-Blitz-August-29-2023"]
[Site "Chess.com"]
[Date "2023.08.29"]
[Round "7"]
[White "jinbojinbo"]
[Black "santosalberto1987"]
[Result "1-0"]
[WhiteElo "2680"]
[BlackElo "2547"]
[TimeControl "180+1"]
[EndTime "9:14:45 PDT"]
[Termination "jinbojinbo won by resignation"]

1. d4 d5 2. c4 c6 3. Nc3 Nf6 4.
Nf3 dxc4 5. Ne5 b5 6. a4 b4 7.
Nb1 Ba6 8. e4 e6 9. Bg5 Be7 10. f3 O-O 11. Bxc4 Bxc4 12. Nxc4 h6 13. Be3 Nbd7 14. O-O c5 15. Nbd2 cxd4 16. Bxd4 Bc5 17. Nb3 Bxd4+ 18. Qxd4 Nb6 19. Nxb6 Qxb6 20. a5 Qxd4+ 21.
Nxd4 Rfd8 22. Nc6 Rd6 23. Rac1 Kf8 24. e5 Rd2 25. exf6 gxf6 26. Rf2 1-0

[Event "Early-Titled-Tuesday-Blitz-August-29-2023"]
[Site "Chess.com"]
[Date "2023.08.29"]
[Round "7"]
[White "wild3000"]
[Black "atalz0"]
[Result "0-1"]
[WhiteElo "2339"]
[BlackElo "2475"]
[TimeControl "180+1"]
[EndTime "9:14:45 PDT"]
[Termination "atalz0 won by resignation"]

1. d4 Nf6 2. c4 e6 3. Nc3 Bb4 4. e3 O-O 5. Nf3 c5 6. Be2 b6 7. O-O Bb7 8. a3 Bxc3 9. bxc3 Nc6 10. Nd2 Na5 11. Bf3 Qc7 12. Bxb7 Qxb7 13. Qe2 Rfc8 14. a4 Ne4 15. Nxe4 Qxe4 16. Ba3 cxd4 17. cxd4 Rxc4 18.
f3 Qc2 19. Qxc2 Rxc2 20. Bb4 Nc4 21. e4 Ne3 22. Rf2 Rac8 23. a5 Rc1+ 0-1

[Event "Early-Titled-Tuesday-Blitz-August-29-2023"]
[Site "Chess.com"]
[Date "2023.08.29"]
[Round "7"]
[White "HajiyevKanan"]
[Black "AsaHoffmann"]
[Result "1-0"]
[WhiteElo "2491"]
[BlackElo "2352"]
[TimeControl "180+1"]
[EndTime "9:14:47 PDT"]
[Termination "HajiyevKanan won by resignation"]

1. d4 Nf6 2. c4 c5 3. Nf3 cxd4 4. Nxd4 e5 5. Nb5 d5 6. cxd5 Bb4+ 7. Bd2 Bc5 8. b4 Bb6 9. d6 Na6 10. Bc3 O-O 11. e3 Re8 12. Bc4 Be6 13. Bxe6 Rxe6 14.
O-O Rc8 15. a4 Qd7 16. N1a3 Nb8 17. a5 Bd8 18. Qb3 Nc6 19. Rfd1 a6 20. Nc7 Bxc7 21.
dxc7 Qxc7 22. Rac1 Qe7 23. Nc4 Ne4 24. Be1 Rg6 25. Nb6 Re8 26. Rd7 Qg5 27. Qxf7+ 1-0

[Event "Early-Titled-Tuesday-Blitz-August-29-2023"]
[Site "Chess.com"]
[Date "2023.08.29"]
[Round "7"]
[White "jsdbv18"]
[Black "Eternauta2400"]
[Result "0-1"]
[WhiteElo "2598"]
[BlackElo "2797"]
[TimeControl "180+1"]
[EndTime "9:14:48 PDT"]
[Termination "Eternauta2400 won by resignation"]

1. d4 Nf6 2. Nf3 c5 3. d5 g6 4. c4 b5 5. cxb5 a6 6. bxa6 Bg7 7. g3 O-O 8. Bg2 d6 9. O-O Nbd7 10. Nc3 Nb6 11.
a7 Rxa7 12. a4 Ba6 13. h3 Ne8 14. Qc2 Nc7 15. Rd1 Bxc3 16. bxc3 Nbxd5 17. Bh6 Re8 18. Ng5 Nf6 19. e4 e5 20. Qb3 Qe7 21. Qb6 Rea8 22.
Rxd6 Nce8 23. Rd2 Kh8 24. Nf3 Nxe4 25. Re2 Bxe2 0-1

[Event "Early-Titled-Tuesday-Blitz-August-29-2023"]
[Site "Chess.com"]
[Date "2023.08.29"]
[Round "7"]
[White "Mihaiionescu1"]
[Black "smilingice"]
[Result "0-1"]
[WhiteElo "2497"]
[BlackElo "2409"]
[TimeControl "180+1"]
[EndTime "9:14:48 PDT"]
[Termination "smilingice won by resignation"]

1. Nf3 Nf6 2. g3 g6 3. Bg2 Bg7 4. O-O O-O 5. d4 d6 6. b3 c5 7. c4 Nc6 8. Bb2 Ne4 9. e3 Qa5 10.
Qc2 Bf5 11. Qc1 Nb4 12. Nh4 Nd3 13. Qc2 Nxb2 14. Qxb2 cxd4 15. exd4 Nc5 16. Nxf5 gxf5 17. Rd1 Ne6 18. Bxb7 Rab8 19. Bd5 Nxd4 20. Nc3 e6 21. Bg2 Qxc3 22. Qxc3 Ne2+ 23. Kh1 Nxc3 24. Rxd6 Ne4 25. Bxe4 Bxa1 0-1

[Event "Early-Titled-Tuesday-Blitz-August-29-2023"]
[Site "Chess.com"]
[Date "2023.08.29"]
[Round "7"]
[White "Brave_spirit12"]
[Black "igorkovalenko"]
[Result "0-1"]
[WhiteElo "2830"]
[BlackElo "2962"]
[TimeControl "180+1"]
[EndTime "9:14:49 PDT"]
[Termination "igorkovalenko won by resignation"]

1. e4 c5 2. c3 Nf6 3. e5 Nd5 4. d4 cxd4 5. cxd4 d6 6. Nf3 dxe5 7. Nxe5 Nc6 8. Nxc6 bxc6 9. Nc3 e6 10. Bd3 Be7 11. O-O O-O 12. Qf3 Rb8 13. Rd1 Bf6 14. Be4 Rb4 15. Ne2 Ba6 16. a3 Bxe2 17. Qxe2 Rxd4 18.
Rxd4 Bxd4 19. Bxh7+ Kxh7 20. Qe4+ Kg8 21. Qxd4 Qc7 22.
b4 e5 23. Qe4 f5 24. Qc4 Qd7 25. Bb2 Qe6 26. Rd1 Rd8 27. Qc5 Rd7 28. Qc4 Kf7 29. g3 Kg6 30. h4 e4 31. Qe2 f4 32. Rd4 Re7 33. Rc4 f3 34. Qc2 Qh3 35. Rxc6+ Kh7 0-1

[Event "Early-Titled-Tuesday-Blitz-August-29-2023"]
[Site "Chess.com"]
[Date "2023.08.29"]
[Round "7"]
[White "Ramosha"]
[Black "CSB7"]
[Result "1-0"]
[WhiteElo "2589"]
[BlackElo "2689"]
[TimeControl "180+1"]
[EndTime "9:14:52 PDT"]
[Termination "Ramosha won by checkmate"]

1. e4 c5 2. Nf3 e6 3. d3 b5 4. g3 Bb7 5. Bg2 d5 6. Nbd2 Nf6 7. Qe2 Be7 8. O-O Nc6 9. Re1 O-O 10. Nf1 a5 11. e5 Nd7 12. h4 Qc7 13. N1h2 Rfc8 14. c3 Qd8 15. h5 h6 16. Bf4 a4 17. a3 b4 18. Ng4 bxc3 19. bxc3 Bf8 20.
Ne3 Ba6 21. Rad1 Rab8 22. Nxd5 exd5 23. e6 Rb3 24. exf7+ Kh8 25. Qe6 Rb6 26. Nh4 Nce5 27. Qf5 Rf6 28. Qh3 Nxf7 29. Ng6+ Kh7 30. Bxd5 Ng5 31.
Qg4 Nb6 32. Bxg5 hxg5 33. Be4 Kh6 34. f4 gxf4 35. gxf4 Rd6 36. Nxf8 Qxf8 37. Qg5# 1-0

[Event "Early-Titled-Tuesday-Blitz-August-29-2023"]
[Site "Chess.com"]
[Date "2023.08.29"]
[Round "7"]
[White "Cheer_Down"]
[Black "Mr_November18"]
[Result "0-1"]
[WhiteElo "2476"]
[BlackElo "1925"]
[TimeControl "180+1"]
[EndTime "9:14:52 PDT"]
[Termination "Mr_November18 won on time"]

1. e4 c5 2. Nf3 d6 3. Bb5+ Nc6 4. O-O Nf6 5. Re1 g6 6. c3 Bg7 7. d4 cxd4 8. cxd4 O-O 9. d5 Ne5 10. Nxe5 dxe5 11. Nc3 a6 12. Bc4 Ne8 13. Bb3 Nd6 14. Be3 b5 15. Rc1 Bd7 16. f3 Kh8 17. Qd3 f5 18.
Rc2 Rc8 19. Rec1 Qa5 20. a3 b4 21. Nb1 Rxc2 22. Rxc2 bxa3 23. Bd2 a2 24. Bxa2 Qxa2 0-1

[Event "Early-Titled-Tuesday-Blitz-August-29-2023"]
[Site "Chess.com"]
[Date "2023.08.29"]
[Round "7"]
[White "MarcoRiehle"]
[Black "Let_it_be_1"]
[Result "1-0"]
[WhiteElo "2827"]
[BlackElo "2630"]
[TimeControl "180+1"]
[EndTime "9:14:56 PDT"]
[Termination "MarcoRiehle won by resignation"]

1. e4 e6 2. c4 d5 3. cxd5 exd5 4.
Qb3 Nf6 5. e5 Ne4 6. Nc3 Nxc3 7.
bxc3 c6 8. d4 Qb6 9. Bd3 Be7 10.
f4 Qxb3 11. axb3 g6 12. Ne2 a5 13. Be3 b6 14. Kd2 Ba6 15. g4 Bxd3 16. Kxd3 h5 17.
h3 Nd7 18. f5 O-O-O 19. Nf4 hxg4 20. hxg4 gxf5 21. gxf5 Rdg8 22. Rag1 Kb7 23. Rxg8 Rxg8 24. Rh7 Rf8 25. Ne6 fxe6 26. Rxe7 Kc8 27. fxe6 Nb8 28. Bg5 b5 29. Ra7 Rg8 30. e7 a4 31.
bxa4 bxa4 32. e6 1-0

[Event "Early-Titled-Tuesday-Blitz-August-29-2023"]
[Site "Chess.com"]
[Date "2023.08.29"]
[Round "7"]
[White "ShiroglanTalibov"]
[Black "Tomytoteph"]
[Result "1-0"]
[WhiteElo "2819"]
[BlackElo "2624"]
[TimeControl "180+1"]
[EndTime "9:14:57 PDT"]
[Termination "ShiroglanTalibov won by resignation"]

1. Nf3 d5 2. g3 g6 3. Bg2 Bg7 4.
O-O Nf6 5. c4 c6 6. d4 O-O 7. a4 Ne4 8. Nc3 Nxc3 9. bxc3 Nd7 10. Ba3 Re8 11. Rb1 dxc4 12. Nd2 e5 13. Nxc4 exd4 14.
cxd4 Nb6 15. Nd6 Re6 16. Nxc8 Nxc8 17. d5 cxd5 18. Bxd5 Re8 19. Rxb7 Kh8 20. Rb1 Nb6 21. Bxa8 Qxa8 22. Bb2 f6 23. a5 Nc4 24. Bc3 Qe4 25. Qd3 Qe6 26. Rfd1 h5 27. Qxg6 Qxe2 28. Re1 1-0

[Event "Early-Titled-Tuesday-Blitz-August-29-2023"]
[Site "Chess.com"]
[Date "2023.08.29"]
[Round "7"]
[White "InitiatingASC"]
[Black "Grossboss19"]
[Result "0-1"]
[WhiteElo "2339"]
[BlackElo "2503"]
[TimeControl "180+1"]
[EndTime "9:14:57 PDT"]
[Termination "Grossboss19 won by resignation"]

1. e4 d6 2. Nf3 Nf6 3. Nc3 g6 4. d4 Bg7 5. Bc4 a6 6. Bg5 b5 7. Bxf6 Bxf6 8. Bb3 O-O 9. O-O Bg7 10. h3 e6 11. Ne2 c5 12. c3 Bb7 13. Ng3 Nc6 14.
dxc5 dxc5 15. Qe2 Qc7 16. a3 Rad8 17. Rad1 Rxd1 18. Rxd1 Rd8 19. h4 Na5 20. Ba2 Bh6 21. h5 Bf4 22. Nf1 Rxd1 23. Qxd1 Bxe4 24. hxg6 hxg6 25. Qe2 Bc6 26. Bxe6 fxe6 27. Qxe6+ Kg7 28. Nh4 Qf7 29. Qc8 Qf6 30. Qxa6 Qxh4 31. Qxa5 Qg5 32. g3 Qh5 33. Nh2 Qd1+ 34. Nf1 Qf3 0-1